 Dungeon Crawl Stone Soup version 0.32-a0-338-g4f8ebfe289 (webtiles) character file.

Game seed: 5987289968907656033

201150 Bnni the Bringer of Blasphemy (level 17, -8/161 HPs)
             Began as a Mountain Dwarf Fighter on Feb 17, 2024.
             Was the Champion of Yredelemnul.
             Killed from afar by a lightning spire (18 damage)
             ... with a bolt of electricity
             ... on level 1 of the Swamp.
             The game lasted 01:59:56 (29908 turns).

Bnni the Bringer of Blasphemy (MDFi)               Turns: 29908, Time: 02:00:10

Health: -8/161     AC: 19    Str: 24    XL:     17   Next: 90%
Magic:  30/30      EV: 23    Int: 19    God:    Yredelemnul [******]
Gold:   2099       SH: 19    Dex:  9    Spells: 4/16 levels left

rFire   . . .        v - +11 spear of the Evil Eye {speed, Stlth+}
rCold   + . .        D - +2 kite shield {rC+}
rNeg    . . .        V - +7 toga "Victory" {*Victory Int+7 Slay+7 Clar}
rPois   .            G - +2 hood of the Assassin {Detect Stab+ Stlth++}
rElec   .            N - +2 cloak
rCorr   .            A - +1 pair of gloves
SInv    .            M - +1 pair of boots {Fly}
Will    +....        a - amulet of reflection
Stlth   +++++++      y - +5 ring of evasion
HPRegen 0.46/turn    W - +5 ring of evasion
MPRegen 0.22/turn

%: reflection, clarity
@: flying, wreathed by umbra
A: runic magic, artefact enchanting
}: 1/15 runes: gossamer
a: Renounce Religion, Light the Black Torch, Recall Undead Harvest, Hurl
Torchlight, Bind Soul, Fathomless Shackles


You were on level 1 of the Swamp.
You worshipped Yredelemnul.
Yredelemnul was most pleased with you.
You visited 6 branches of the dungeon, and saw 28 of its levels.
You also visited: Ice Cave and Volcano.

You collected 3095 gold pieces.
You spent 996 gold pieces at shops.

Inventory:

Hand Weapons
 o - a +0 hand cannon of freezing
 v - the +11 spear of the Evil Eye (weapon) {speed, Stlth+}
   (You took it off a gnoll on level 10 of the Dungeon)

   Stlth+:    It makes you more stealthy.
Missiles
 O - 11 curare-tipped darts
Armour
 z - a +1 tower shield of positive energy
 A - a +1 pair of gloves (worn)
 D - a +2 kite shield of cold resistance (worn)
 G - the +2 hood of the Assassin (worn) {Detect Stab+ Stlth++}
   (You found it on level 4 of the Spider Nest)

   Detect:    It allows the wearer to sense nearby creatures.
   Stab+:     It allows the wearer to make particularly effective stabbing
   attacks against helpless or unaware enemies with any weapon.
   Stlth++:   It makes you much more stealthy.
 M - a +1 pair of boots of flying (worn)
 N - a +2 cloak (worn)
 V - the +7 toga "Victory" (worn) {*Victory Int+7 Slay+7 Clar}
   (You found it on level 11 of the Dungeon)

   *Victory:  When the wearer kills a threatening monster, it has a chance to
   gain +1 AC, +1 Slay, and +1 Int, capping at +7.
   When the wearer uses a scroll or a potion with a hostile monster in sight,
   its bonuses reset to +0.
   Unequipping it also resets its bonuses to +0.
   Int+7:     It affects your intelligence (+7).
   Slay+7:    It affects your accuracy & damage with ranged weapons and melee
   (+7).
   Clar:      It protects you from confusion, rage, mesmerisation and fear.
 Y - a +0 crystal plate armour
Jewellery
 a - an amulet of reflection (around neck)
 e - a ring of protection from cold
 f - a ring of protection from fire
 w - a ring of wizardry
 y - a +5 ring of evasion (left hand)
 B - a ring of positive energy
 J - a ring of resist corrosion
 P - a ring of ice
 S - a ring of see invisible
 W - a +5 ring of evasion (right hand)
Wands
 n - a wand of roots (7)
 F - a wand of flame (41)
 X - a wand of quicksilver (9)
Scrolls
 b - 5 scrolls of enchant armour
 c - 2 scrolls of identify
 g - 7 scrolls of blinking
 h - 3 scrolls of brand weapon
 i - 3 scrolls of summoning
 l - 7 scrolls of teleportation
 q - 3 scrolls of fog
 r - 7 scrolls of revelation
 t - 6 scrolls of silence
 K - 5 scrolls of immolation
 Q - 4 scrolls of enchant weapon
 R - 3 scrolls of amnesia
 U - 3 scrolls of fear
Potions
 d - 8 potions of might
 j - 4 potions of attraction
 k - 5 potions of cancellation
 p - 14 potions of curing
 s - 4 potions of enlightenment
 u - a potion of resistance
 x - 3 potions of invisibility
 C - a potion of berserk rage
 E - 5 potions of heal wounds
 H - 2 potions of mutation
 L - 4 potions of magic
 T - 7 potions of ambrosia
 Z - 3 potions of haste
Miscellaneous
 m - a phial of floods (inert)
 I - a phantom mirror


   Skills:
 + Level 17.1 Fighting
 - Level 14.5 Polearms
 - Level 4.4 Armour
 - Level 7.8 Dodging
 * Level 14.7 Shields
 - Level 12.0 Necromancy
 * Level 11.0 Earth Magic
 - Level 18.0 Invocations


You had 4 spell levels left.
You knew the following spells:

 Your Spells              Type           Power      Damage    Failure   Level
f - Dispel Undead         Necr           45%        3d17      2%          4
h - Borgnjor's Vile Clut  Necr/Erth      21%        N/A       8%          5
w - Fugue of the Fallen   Necr           45%        N/A       1%          3

Your spell library contained the following spells:

 Spells                   Type           Power      Damage    Failure   Level
 Vampiric Draining        Necr           45%        2d9       1%          3
 Kiss of Death            Conj/Necr      88%        2d12      2%          1
 Anguish                  Hex/Necr       11%        N/A       26%         4
 Apportation              Tloc           0%         N/A       30%         1
 Slow                     Hex            0%         N/A       30%         1
 Brom's Barrelling Bould  Conj/Erth      20%        2d4       30%         4
 Ensorcelled Hibernation  Hex/Ice        0%         N/A       41%         2
 Jinxbite                 Hex            0%         N/A       41%         2
 Call Canine Familiar     Summ           0%         N/A       65%         3
 Confusing Touch          Hex            0%         N/A       65%         3
 Hailstorm                Conj/Ice       0%         3d5       65%         3
 Sigil of Binding         Hex            0%         N/A       65%         3
 Summon Ice Beast         Ice/Summ       0%         N/A       65%         3
 Tukima's Dance           Hex            0%         N/A       65%         3
 Volatile Blastmotes      Fire/Tloc      0%         2d10      65%         3
 Dimensional Bullseye     Hex/Tloc       0%         N/A       96%         4
 Fulminant Prism          Conj/Alch      0%         3d5       96%         4
 Iskenderun's Mystic Bla  Conj/Tloc      0%         2d3       96%         4
 Summon Blazeheart Golem  Fire/Summ      0%         N/A       96%         4
 Vhi's Electric Charge    Tloc/Air       0%         N/A       96%         4
 Alistair's Intoxication  Alch           0%         N/A       100%        5
 Arcjolt                  Conj/Air       0%         1d10      100%        5
 Fireball                 Conj/Fire      0%         3d3       100%        5
 Iskenderun's Battlesphe  Conj           0%         2d6       100%        5
 Conjure Ball Lightning   Conj/Air       0%         3x3d6     100%        6
 Plasma Beam              Fire/Air       0%         2x1d10    100%        6
 Sculpt Simulacrum        Ice/Alch       0%         N/A       100%        6
 Orb of Destruction       Conj           0%         9d5       100%        7
 Spellforged Servitor     Conj/Summ      0%         N/A       100%        7
 Maxwell's Capacitive Co  Air            0%         ∞         100%        8
 Animate Dead             Necr           Unusable   N/A       N/A         4
 Death Channel            Necr           Unusable   N/A       N/A         6

Dungeon Overview and Level Annotations

Branches:
Dungeon (15/15)            Temple (1/1) D:5            Lair (5/5) D:8
  Swamp (1/4) Lair:2       Spider (4/4) Lair:3        Slime (0/5) Lair:4
    Orc (2/2) D:10            Elf (0/3) Orc:2        Vaults (0/5) D:14
 Depths (0/4) D:15          IceCv (visited)         Volcano (visited)

Altars:
Ashenzari
Cheibriados
Dithmenos
Elyvilon
Fedhas
Gozag
Hepliaklqana
Kikubaaqudgha
Makhleb
Nemelex Xobeh
Okawaru
Qazlal
Ru
Sif Muna
Trog
Uskayaw
Vehumet
Wu Jian
Xom
Yredelemnul
Zin
The Shining One
Jiyva

Shops:
D:15 ?   Orc:2 *??*(

Annotations:
D:11 2 transporters
Swamp:1 exclusion: 3 lightning spires


Innate Abilities, Weirdness & Mutations

Your spellcasting is much less encumbered by armour.
You can use scrolls of enchantment on lesser artefacts.


Message History

The lightning spire is severely damaged.
The lightning spire shoots out a bolt of lightning at you!
The bolt of electricity hits you!
The lightning spire shoots out a bolt of lightning at you!
The bolt of electricity hits your spriggan rider zombie!!
The bolt of electricity hits you!!
Unknown command.
You are too injured to fight recklessly!
Unknown command.
Reach: v) +11 spear of the Evil Eye {speed, Stlth+}
Press: ? - help, Dir - move target, f/p - lightning spire
Aim: a lightning spire (severely damaged, umbra, about 8% to evade the +11 spear of the Evil Eye)
You reach to attack!
You completely miss the lightning spire.
The lightning spire is severely damaged.
Mlioglotl utters an invocation to Yredelemnul.
Mlioglotl radiates an aura of fear!
The swamp worm looks frightened!
Unknown command.
Unknown command.
Unknown command.
Reach: v) +11 spear of the Evil Eye {speed, Stlth+}
Press: ? - help, Dir - move target, f/p - lightning spire
Aim: a lightning spire (thin mist, severely damaged, umbra, about 8% to evade the +11 spear of the Evil Eye)
You reach to attack!
You puncture the lightning spire!
The lightning spire is severely damaged.
The lightning spire shoots out a bolt of lightning at you!
The bolt of electricity hits you!!
* * * LOW HITPOINT WARNING * * *
The lightning spire shoots out a bolt of lightning at you!
The bolt of electricity hits your hornet zombie!!
The bolt of electricity hits you!!
* * * LOW HITPOINT WARNING * * *
The bolt of electricity hits your swamp worm zombie!!
Your swamp worm zombie is destroyed!
The lightning spire shoots out a bolt of lightning at you!
The bolt of electricity hits Mlioglotl!!
The bolt of electricity hits you!!
You die...
Your body rises from the dead as a mindless zombie.

~~.♣
♣^♣~♣*{≈§≈§w♣~~*
..♣♣
♣♣~.♣♣♣≈≈~≈~.,**
.♣♣
♣..~♣*I≈.♣≈♣~,,* ♣♣
♣♣♣.♣♣*≈>w≈♣♣,~,*
.♣
♣♣....♣*~≈~≈≈♣*,**
♣♣
♣...~~♣♣♣≈Z>≈♣*** ♣
♣♣♣~)...~♣≈♣~≈I♣
♣♣.~.~~...~♣ZZ≈♣♣
♣♣~..~~.~~♣~~≈@ZI♣
♣♣...~.....♣♣≈≈≈≈♣♣
♣.......♣.♣♣♣♣≈♣♣♣
♣♣...~♣...♣♣ ♣♣♣
♣~~....♣.♣♣
♣♣~.(~..♣♣ ♣♣~♣♣~♣♣
♣♣♣♣♣♣


You could see 3 lightning spires, a swamp worm (fleeing), the friendly Mlioglotl
the bound soul (strong), a friendly hornet zombie, a friendly spriggan rider
zombie and a friendly fenstrider witch zombie.

Vanquished Creatures
  Nikola (Spider:4)
  Arachne (Spider:2)
  A lich (IceCv)
  Agnes (Spider:3)
  The ghost of ballabu the Black Belt, an adept DsSh (Spider:2)
  2 fenstrider witches (Swamp:1)
  2 ghost moths (Spider:4)
  2 emperor scorpions
  Louise (Swamp:1)
  A very ugly thing (IceCv)
  2 broodmothers
  2 red draconians (Volcano)
  An ettin (D:15)
  Josephine (Lair:3)
  2 fire dragons
  An entropy weaver (Spider:4)
  A hydra (Lair:3)
  3 ogre magi
  2 radroaches (Spider:2)
  A vault guard (D:14)
  3 jorogumos (Spider:2)
  8 centaur warriors
  4 boulder beetles
  A dancing weapon (D:14)
  A death yak (Lair:1)
  12 two-headed ogres
  5 demonic crawlers
  3 tengu warriors
  3 pharaoh ants
  5 skeletal warriors
  A deep troll (D:15)
  A goliath frog (Swamp:1)
  3 orb spiders
  2 spriggan riders (Swamp:1)
  A spriggan simulacrum (IceCv)
  3 steelbarb worms
  4 bog bodies (IceCv)
  Pikel (D:6)
  A lindwurm (Lair:4)
  A sun moth (Spider:2)
  3 deep elf pyromancers
  A necromancer (IceCv)
  2 orc sorcerers
  4 ugly things
  15 wolf spiders
  A manticore (D:14)
  5 elephants
  2 will-o-the-wisps (Swamp:1)
  5 meliai
  6 cyclopes
  2 kobold blastminers
  5 black mambas
  An ice statue (Swamp:1)
  2 torpor snails
  2 gargoyles
  A cane toad (shapeshifter) (D:15)
  An unseen horror (D:11)
  16 cane toads
  2 rime drakes
  4 komodo dragons
  9 yaktaurs
  Jeremiah (D:7)
  2 tengu conjurers (D:15)
  11 freezing wraiths
  2 ice devils (IceCv)
  2 golden dragon simulacra (IceCv)
  2 anaconda simulacra (IceCv)
  A bloated husk (Swamp:1)
  2 alligator simulacra (IceCv)
  6 trolls
  3 tyrant leeches
  2 hornets
  10 tarantellas
  6 dream sheep (Lair:1)
  18 blink frogs
  13 jumping spiders
  An air elemental (D:13)
  18 culicivoras
  A spriggan (Swamp:1)
  A dire elephant simulacrum (IceCv)
  A centaur simulacrum (D:12)
  2 vampires
  2 slime creatures
  5 wyverns
  7 wraiths
  A warg (Orc:1)
  36 yaks
  3 basilisks
  2 hogs (Spider:1)
  7 steam dragons
  A fire elemental (D:14)
  14 vampire mosquitoes
  32 redbacks
  A harpy simulacrum (IceCv)
  4 swamp worms
  2 hydra simulacra (IceCv)
  7 water moccasins
  Duvessa (D:7)
  7 orc warriors
  5 sky beasts
  5 black bears
  7 boggarts (D:14)
  22 ogres
  A blink frog zombie (Lair:5)
  12 centaurs
  9 wolves
  A lemure (D:6)
  A phantom (D:6)
  2 kobold brigands
  Blork the orc (D:4)
  12 bullfrogs
  4 gnoll sergeants
  6 scorpions
  5 wights (D:8)
  Dowan (D:7)
  3 lindwurm simulacra (IceCv)
  3 killer bees (D:8)
  5 howler monkeys
  6 electric eels
  5 lava snakes
  Crazy Yiuf (D:5)
  3 bombardier beetles
  4 hounds
  A jelly (D:6)
  10 orc priests
  2 gnoll boudas
  4 iguanas
  15 orc wizards
  A sleepcap (D:8)
  6 hell rats
  24 gnolls
  2 adders
  2 river rats (Lair:1)
  A shadow imp (D:6)
  2 white imps
  2 ufetubi (D:5)
  3 ribbon worms
  A dart slug (D:2)
  36 orcs
  3 ball pythons
  5 bats
  9 endoplasms
  3 giant cockroaches
  7 goblins
  7 hobgoblins
  5 kobolds
  9 quokkas
  15 rats
717 creatures vanquished.

Vanquished Creatures (collateral kills)
  Gastronok (Lair:3)
  2 emperor scorpions
  2 ghost moths (Spider:4)
  2 broodmothers
  A spark wasp (Spider:4)
  2 entropy weavers
  4 hydras
  A caustic shrike simulacrum (IceCv)
  2 jorogumos
  An ogre mage (Orc:2)
  5 radroaches
  5 two-headed ogres
  A death yak (D:8)
  A demonic crawler (Spider:4)
  A skyshark (Lair:5)
  2 skeletal warriors (D:13)
  A swamp dragon (Swamp:1)
  A spriggan simulacrum (IceCv)
  3 orb spiders
  2 deep trolls (Orc:2)
  2 pharaoh ants (Spider:2)
  3 steelbarb worms
  A sun moth (Spider:3)
  2 obsidian statues
  2 lindwurms
  7 wolf spiders
  A will-o-the-wisp (Swamp:1)
  3 elephants
  An oklob plant (Lair:3)
  3 ugly things
  A moth of wrath (Spider:3)
  2 kobold blastminers (Orc:2)
  A black mamba (Lair:5)
  2 meliai
  A torpor snail (Spider:2)
  6 cane toads
  6 freezing wraiths
  An anaconda simulacrum (IceCv)
  5 komodo dragons
  3 yaktaurs
  An ice devil (IceCv)
  6 trolls
  2 tyrant leeches
  7 blink frogs
  17 tarantellas
  3 alligator simulacra (IceCv)
  A tarantella zombie (Spider:3)
  A dream sheep (Lair:1)
  3 slime creatures
  11 jumping spiders
  6 culicivoras
  5 hogs (Spider:1)
  3 wraiths (Lair:3)
  11 yaks
  A fire elemental (D:14)
  3 basilisks
  3 wyverns
  15 redbacks
  4 vampire mosquitoes
  4 steam dragons (Lair:4)
  3 harpy simulacra (IceCv)
  A swamp worm (Swamp:1)
  A hydra simulacrum (IceCv)
  3 water moccasins
  Edmund (D:5)
  A swamp drake (Swamp:1)
  2 orc warriors
  7 ogres
  4 wolves
  2 boggarts (D:14)
  4 centaurs
  5 bullfrogs
  A deep troll simulacrum (IceCv)
  A bombardier beetle (D:7)
  An electric eel (D:9)
  A gnoll bouda (D:7)
  2 jellies (Lair:4)
  2 iguanas (D:8)
  An orc wizard (Orc:1)
  2 hell rats (Lair:2)
  7 gnolls
  7 orcs
259 creatures vanquished.

Vanquished Creatures (others)
  A spectral ettin (Orc:2)
  2 spriggan zombies
  7 wolf spider zombies
  A spectral orc (Volcano)
  A broodmother zombie (Spider:3)
  A jorogumo zombie (Spider:2)
  A spectral two-headed ogre (D:13)
  A swamp worm zombie (Swamp:1)
  A yaktaur (Volcano)
  9 redback zombies
  2 demonic crawler zombies (Spider:1)
  4 bloated husks (Swamp:1)
  7 jumping spider zombies
  7 tarantella zombies
  3 radroach zombies (Spider:2)
  6 culicivora zombies
  A fire dragon zombie (D:14)
  A black mamba zombie (Lair:3)
  3 spectral ice devils (IceCv)
  2 slime creature zombies
  A spectral troll (D:12)
  A two-headed ogre zombie (D:15)
  A human zombie (IceCv)
  A cane toad zombie (Lair:3)
  An entropy weaver zombie (Spider:2)
  An elf zombie (D:12)
  An elephant zombie (Lair:4)
  2 hog zombies (Spider:1)
  A torpor snail zombie (Spider:1)
  A barachi zombie (D:7)
  A spectral centaur (D:10)
  A yaktaur zombie (Volcano)
  A wyvern zombie (Lair:5)
  A water moccasin zombie (Lair:4)
  2 troll zombies
  8 yak zombies
  3 bullfrog zombies
  9 centaur zombies
  5 wolf zombies
  2 kobold zombies
  2 black bear zombies
  A boggart zombie (D:14)
  4 ogre zombies
  2 sky beast zombies (D:13)
  2 howler monkey zombies
  A steam dragon zombie (D:7)
  An iguana zombie (D:5)
  2 gnoll zombies (D:10)
  12 orc zombies
  2 rat zombies (Lair:1)
  4 foxfires (Swamp:1)
  3 spectral weapons (D:9)
  5 starspawn tentacles
146 creatures vanquished.

Grand Total: 1122 creatures vanquished

Notes
Turn   | Place    | Note
-------+----------+-------------------------------------------
     0 | D:1      | Bnni the Mountain Dwarf Fighter began the quest for the
                  | Orb.
     0 | D:1      | Reached XP level 1. HP: 19/19 MP: 1/1
    17 | D:1      | Reached XP level 2. HP: 23/26 MP: 2/2
   243 | D:1      | Reached XP level 3. HP: 33/33 MP: 3/3
   931 | D:2      | Reached XP level 4. HP: 31/40 MP: 4/4
  1612 | D:3      | Reached XP level 5. HP: 47/47 MP: 5/5
  2757 | D:4      | Reached skill level 5 in Fighting
  2757 | D:4      | Reached skill level 5 in Polearms
  2787 | D:4      | Noticed Blork the orc
  2792 | D:4      | Killed Blork the orc
  2793 | D:4      | Reached XP level 6. HP: 37/56 MP: 6/6
  3026 | D:5      | Entered Level 5 of the Dungeon
  3182 | D:5      | Reached XP level 7. HP: 45/62 MP: 7/7
  3506 | D:5      | Noticed a wraith
  3518 | D:5      | Killed a wraith
  3650 | D:5      | Found a staircase to the Ecumenical Temple.
  3700 | Temple   | Entered the Ecumenical Temple
  3709 | Temple   | Became a worshipper of Yredelemnul the Fallen
  3727 | D:5      | Noticed Edmund
  3747 | D:5      | Killed Edmund
  3981 | D:5      | Found a runed translucent door.
  3982 | D:5      | Noticed Crazy Yiuf
  3992 | D:5      | Killed Crazy Yiuf
  3993 | D:5      | Reached XP level 8. HP: 59/71 MP: 8/8
  4122 | D:6      | Noticed Pikel
  4164 | D:6      | Killed Pikel
  4181 | D:6      | Reached * piety under Yredelemnul
  4470 | D:6      | Your ally Pikel died
  4481 | D:6      | Reached XP level 9. HP: 15/81 MP: 9/9
  4723 | D:6      | Reached skill level 10 in Polearms
  5318 | D:7      | Noticed Jeremiah
  5330 | D:7      | Killed Jeremiah
  5331 | D:7      | Reached skill level 1 in Invocations
  5356 | D:7      | Found a blossoming altar of Fedhas.
  5368 | D:7      | Reached skill level 2 in Invocations
  5371 | D:7      | Identified the +0 robe "Cikhyvar" {rF+ Int+3}
  5627 | D:7      | Reached ** piety under Yredelemnul
  5697 | D:7      | Noticed Duvessa
  5697 | D:7      | Noticed Dowan
  5710 | D:7      | Killed Dowan
  5711 | D:7      | Reached skill level 3 in Invocations
  5715 | D:7      | Killed Duvessa
  5861 | D:7      | Noticed a troll
  5873 | D:7      | Killed a troll
  5936 | D:7      | Reached XP level 10. HP: 80/91 MP: 12/12
  6032 | D:7      | Noticed a gargoyle
  6049 | D:7      | Your ally Jeremiah died
  6050 | D:7      | Killed a gargoyle
  6343 | D:7      | Reached skill level 10 in Fighting
  6502 | D:8      | Found a hazy altar of Hepliaklqana.
  6514 | D:8      | Noticed a death yak
  6526 | D:8      | Killed a death yak
  6527 | D:8      | Found a staircase to the Lair.
  6539 | D:8      | Noticed a red ugly thing
  6547 | D:8      | Killed a red ugly thing
  6655 | D:8      | Found an opulent altar of Gozag.
  6655 | D:8      | Found a radiant altar of Vehumet.
  6656 | D:8      | Found a glowing silver altar of Zin.
  7077 | D:8      | Reached *** piety under Yredelemnul
  7533 | D:9      | Reached XP level 11. HP: 51/102 MP: 13/13
  7860 | D:9      | Identified the +0 robe "Pojerghec" {rN+ SInv}
  7872 | D:9      | Found a stormy altar of Qazlal.
  7957 | D:9      | Found a white marble altar of Elyvilon.
  8104 | D:9      | Noticed a five-headed hydra
  8112 | D:9      | Killed a five-headed hydra
  8334 | D:9      | Reached **** piety under Yredelemnul
  8649 | D:9      | Found a bloodstained altar of Trog.
  8656 | D:9      | Reached skill level 4 in Invocations
  9049 | D:9      | Found a sparkling altar of Nemelex Xobeh.
  9153 | D:10     | Entered Level 10 of the Dungeon
  9362 | D:10     | Found a staircase to the Orcish Mines.
  9454 | D:10     | Identified the +11 spear of the Evil Eye {speed, Stlth+}
  9462 | D:10     | Reached skill level 5 in Invocations
  9833 | D:10     | Found a snail-covered altar of Cheibriados.
  9853 | D:10     | Reached skill level 6 in Invocations
 10137 | D:11     | Noticed a green ugly thing
 10143 | D:11     | Killed a green ugly thing
 10156 | D:11     | Identified the +0 robe of Unreason {rF+ Stlth+}
 10168 | D:11     | Reached skill level 7 in Invocations
 10179 | D:11     | Found a transporter.
 10180 | D:11     | Found a transporter.
 10201 | D:11     | Found a transporter.
 10213 | D:11     | Found a transporter.
 10214 | D:11     | Found the +0 toga "Victory" {*Victory Clar}
 10349 | D:11     | Noticed a boulder beetle
 10372 | D:11     | Killed a boulder beetle
 10893 | D:12     | Noticed a deep elf pyromancer
 10898 | D:12     | Killed a deep elf pyromancer
 10905 | D:12     | Reached skill level 1 in Dodging
 10905 | D:12     | Reached skill level 8 in Invocations
 10955 | D:12     | Noticed a white ugly thing
 10965 | D:12     | Killed a white ugly thing
 10966 | D:12     | Reached XP level 12. HP: 113/113 MP: 18/18
 11424 | D:12     | Reached skill level 9 in Invocations
 12075 | D:12     | Reached skill level 5 in Shields
 12174 | D:13     | Noticed a two-headed ogre
 12182 | D:13     | Killed a two-headed ogre
 12182 | D:13     | Bound a two-headed ogre
 12371 | D:13     | Reached skill level 10 in Invocations
 12372 | D:13     | Paralysed by an air elemental for 1 turns
 12470 | D:13     | Noticed a boulder beetle
 12490 | D:13     | Killed a boulder beetle
 12650 | D:13     | Reached skill level 11 in Invocations
 12975 | D:13     | Noticed a rakshasa
 12985 | D:13     | Killed a rakshasa
 12985 | D:13     | Bound a rakshasa
 13083 | D:14     | Noticed a tengu warrior
 13083 | D:14     | Noticed a tengu warrior
 13204 | Lair:1   | Entered Level 1 of the Lair of Beasts
 13421 | Lair:1   | Reached XP level 13. HP: 111/122 MP: 21/21
 13426 | Lair:1   | Reached skill level 12 in Invocations
 13591 | Lair:1   | Reached ***** piety under Yredelemnul
 14211 | Lair:1   | Learned a level 3 spell: Fugue of the Fallen
 14239 | Lair:2   | Reached skill level 13 in Invocations
 14243 | Lair:2   | Reached skill level 1 in Necromancy
 14714 | Lair:2   | Found a staircase to the Swamp.
 15298 | Lair:3   | Identified the +0 ring mail of the Devil {Str+3}
 15384 | Lair:3   | Noticed Gastronok
 15387 | Lair:3   | Noticed Nergalle
 15403 | Lair:3   | Killed Gastronok
 15404 | Lair:3   | Reached skill level 14 in Invocations
 15405 | Lair:3   | Killed Nergalle
 15405 | Lair:3   | Bound Nergalle
 15589 | Lair:3   | Noticed Josephine
 15596 | Lair:3   | Killed Josephine
 15597 | Lair:3   | Reached skill level 5 in Dodging
 15622 | Lair:3   | Found a hole to the Spider Nest.
 15854 | Lair:3   | Reached XP level 14. HP: 132/132 MP: 24/24
 15870 | Lair:3   | Found the +1 robe of Vines {NoPotionHeal Regen++++}
 16303 | Lair:4   | Found a viscous altar of Jiyva.
 16303 | Lair:4   | Found a staircase to the Slime Pits.
 16371 | Lair:4   | Identified the +4 scale mail "Kanny" {Rampage rElec Dex+2}
 16903 | Lair:4   | Reached skill level 15 in Invocations
 16925 | Lair:4   | Reached ****** piety under Yredelemnul
 17576 | Lair:5   | Entered Level 5 of the Lair of Beasts
 17768 | Lair:5   | Reached skill level 5 in Necromancy
 17979 | Lair:5   | Reached skill level 16 in Invocations
 18060 | Lair:5   | Found a dark tunnel.
 18065 | Volcano  | Entered a volcano
 18073 | Volcano  | Found a large runed translucent door.
 18075 | Volcano  | Your ally Nergalle died
 18091 | Volcano  | Found a large runed translucent door.
 18108 | Volcano  | Found a large runed translucent door.
 18109 | Volcano  | Found a large runed translucent door.
 18121 | Volcano  | Found a large runed translucent door.
 18121 | Volcano  | Found a large runed translucent door.
 18121 | Volcano  | Found a large runed translucent door.
 18121 | Volcano  | Found a large runed translucent door.
 18367 | Volcano  | Found a large runed translucent door.
 18367 | Volcano  | Found a large runed translucent door.
 18405 | Volcano  | Found a large runed translucent door.
 18405 | Volcano  | Found a large runed translucent door.
 18424 | Volcano  | Found a large runed translucent door.
 18424 | Volcano  | Found a large runed translucent door.
 18444 | Volcano  | Found a large runed translucent door.
 18444 | Volcano  | Found a large runed translucent door.
 18485 | Volcano  | Found a large runed translucent door.
 18485 | Volcano  | Found a large runed translucent door.
 18633 | Lair:5   | Reached skill level 15 in Fighting
 18950 | Lair:5   | Identified the +1 robe of Odeydwin {+Blink rN+ Str+2}
 19411 | Orc:1    | Entered Level 1 of the Orcish Mines
 19488 | Orc:1    | Reached XP level 15. HP: 141/141 MP: 27/27
 19745 | Orc:2    | Entered Level 2 of the Orcish Mines
 19745 | Orc:2    | Found a staircase to the Elven Halls.
 19849 | Orc:2    | Found Axkuolu's General Store.
 19880 | Orc:2    | Bought a scroll of fog for 52 gold pieces
 19921 | Orc:2    | Reached skill level 17 in Invocations
 19948 | Orc:2    | Reached skill level 10 in Shields
 20014 | Orc:2    | Found Uthit's Magic Scroll Emporium.
 20034 | Orc:2    | Found Fon Oqac's Magic Scroll Emporium.
 20049 | Orc:2    | Found Mainli's General Store.
 20050 | Orc:2    | Bought a scroll of enchant armour for 97 gold pieces
 20050 | Orc:2    | Bought a scroll of identify for 26 gold pieces
 20050 | Orc:2    | Bought a scroll of identify for 26 gold pieces
 20050 | Orc:2    | Bought a scroll of identify for 26 gold pieces
 20050 | Orc:2    | Bought a scroll of identify for 26 gold pieces
 20055 | Orc:2    | Bought a scroll of identify for 26 gold pieces
 20055 | Orc:2    | Bought a scroll of revelation for 97 gold pieces
 20137 | Orc:2    | Found Boxelaom's Weapon Shoppe.
 20140 | Orc:2    | Bought a scroll of identify for 24 gold pieces
 20156 | Orc:2    | Bought a scroll of identify for 24 gold pieces
 20535 | Orc:2    | Bought a phantom mirror for 520 gold pieces
 21014 | D:14     | Learned a level 5 spell: Borgnjor's Vile Clutch
 21033 | D:14     | Found a gate to the Vaults.
 21056 | D:14     | Reached skill level 1 in Earth Magic
 21512 | D:15     | Entered Level 15 of the Dungeon
 21521 | D:15     | Found a staircase to the Depths.
 21829 | D:15     | Found Cumnixo's Magic Scroll Shoppe.
 21838 | D:15     | Bought a scroll of identify for 26 gold pieces
 21838 | D:15     | Bought a scroll of identify for 26 gold pieces
 21961 | D:15     | Paralysed by an ogre mage for 2 turns
 22678 | D:15     | Reached XP level 16. HP: 73/151 MP: 28/28
 22689 | D:15     | Learned a level 4 spell: Dispel Undead
 23321 | Spider:1 | Entered Level 1 of the Spider Nest
 23453 | Spider:1 | Reached skill level 5 in Earth Magic
 24401 | Spider:1 | Noticed Kirke
 24419 | Spider:1 | Killed Kirke
 24419 | Spider:1 | Bound Kirke
 24818 | Spider:2 | Noticed ballabu's ghost (adept DsSh)
 24819 | Spider:2 | Noticed Arachne
 24822 | Spider:2 | Found a transporter.
 24828 | Spider:2 | Found a transporter.
 25449 | Spider:2 | Reached skill level 18 in Invocations
 25504 | Spider:2 | Reached skill level 10 in Necromancy
 25915 | Spider:2 | Killed ballabu's ghost
 25954 | Spider:2 | Killed Arachne
 26492 | Spider:3 | Reached XP level 17. HP: 135/155 MP: 30/30
 26867 | Spider:3 | Noticed Mlioglotl
 26867 | Spider:3 | Noticed Agnes
 26876 | Spider:3 | Killed Agnes
 26885 | Spider:3 | Killed Mlioglotl
 26885 | Spider:3 | Bound Mlioglotl
 26888 | Spider:3 | Your ally Agnes died
 27143 | Spider:4 | Entered Level 4 of the Spider Nest
 27386 | Spider:4 | Noticed Nikola
 27407 | Spider:4 | Killed Nikola
 27411 | Spider:4 | Found the +2 hood of the Assassin {Detect Stab+ Stlth++}
 27474 | Spider:4 | Got a gossamer rune of Zot
 28329 | Swamp:1  | Entered Level 1 of the Swamp
 28361 | Swamp:1  | Found a glacial archway.
 28377 | IceCv    | Entered an ice cave
 28546 | IceCv    | Reached skill level 10 in Earth Magic
 28824 | IceCv    | Found an ancient bone altar of Kikubaaqudgha.
 29197 | IceCv    | Noticed a lich
 29206 | IceCv    | Killed a lich
 29322 | IceCv    | Identified the beast talisman "Wyr Acry" {Fly}
 29629 | Swamp:1  | Noticed Louise
 29646 | Swamp:1  | Killed Louise
 29908 | Swamp:1  | Killed from afar by a lightning spire

Illustrated notes

Levels and vault maps discovered:
D:1:      wander_arrival_desolate, layout_loops_ring
D:2:      layout_loops_cross
D:3:      layout_loops_ring, roderic_roman_lattice
D:4:      layout_basic, uniq_blork_the_orc
D:5:      layout_basic, temple_pool_b, uniq_crazy_yiuf_cottage, uniq_edmund
D:6:      layout_loops_ring, kennysheep_generic_room_6, uniq_pikel
D:7:      minmay_opposing_rooms, layout_basic, fedhas_bush_and_centaur_altar,
          uniq_jeremiah, uniq_duvessa
D:8:      layout_loops_corners, chequers_temple_overflow_statue_of_worship,
          kennysheep_little_box, dpeg_lair_monsters
D:9:      cheibrodos_two_vegetables, layout_small_grid, elyvilon_altar_1,
          lemuel_coloured_pillars_altar, mainiacjoe_overflow_alcove_4,
          trog_antimagical, dreamdust_wishing_well
D:10:     layout_long_grid, mainiacjoe_overflow_chevrons, orc_0_dummy,
          kennysheep_diamond
D:11:     layout_cave_pools, nicolae_transporter_circle
D:12:     layout_basic, nicolae_elevator_lobby_plus
D:13:     layout_irregular_city, dreamdust_looks_like_rain
D:14:     layout_roguey, erik_vaults_1, minmay_crystal_room, kennysheep_boxes
D:15:     hangedman_depths_entry_civil_slaughter, layout_grid_maze,
          serial_shops, nicolae_shop_tiny_statue_garden, minivault_16
Temple:   hellmonk_temple_two_chambers
Lair:1:   layout_long_grid, kennysheep_abandoned_house
Lair:2:   layout_cave_pods, palyth_hydra_swamp_entry,
          infiniplex_staircase_pool_2
Lair:3:   layout_roguey, hellmonk_spider_entry_life_and_decay,
          hellmonk_guarded_unrand_vines, uniq_nergalle, uniq_gastronok,
          uniq_josephine
Lair:4:   layout_layer_cave, minmay_slime_entry_pillars,
          bobbens_dragon_lair_wall, wad_woods_river_01
Lair:5:   minmay_lair_end_frog_pond, layout_cave_pods,
          nicolae_volcano_entry_s_turn
Swamp:1:  layout_falls_marsh, portal_ice_cave_entry_ice_statue_one,
          evilmike_swamp_ruin_house_6, swamp_pool_3, hangedman_swamp_phenomena,
          uniq_louise
Spider:1: layout_cave_pods, uniq_kirke
Spider:2: layout_spider_delve, nzn_ghost_randoct
Spider:3: layout_spider_delve, uniq_mlioglotl, uniq_agnes
Spider:4: grunt_spider_rune_parallel, uniq_nikola
Orc:1:    layout_caves
Orc:2:    st_orc_open, layout_diamond_mine, serial_shops, shop_statue

Skill      XL: |  1  2  3  4  5  6  7  8  9 10 11 12 13 14 15 16 17 |
---------------+----------------------------------------------------+-----
Polearms       | 3 4 5 6 7 9 11 13 14 | 14.5
Fighting       | 4 5 6 8 9 11 12 13 14 15 16 17 | 17.1
Invocations    | 3 8 11 14 16 17 18 | 18.0
Armour         | 4 |  4.4
Dodging        | 1 3 5 6 7 |  7.8
Shields        | 4 6 8 9 11 12 14 | 14.7
Necromancy     | 3 6 8 10 12 | 12.0
Earth Magic    | 4 8 11 | 11.0

Action                     |  1- 3 |  4- 6 |  7- 9 | 10-12 | 13-15 | 16-18 || total
---------------------------+-------+-------+-------+-------+-------+-------++-------
  Melee: Trident           |    98 |   209 |   305 |   273 |       |       ||   885
         Spear             |       |       |       |   412 |  1091 |   820 ||  2323
  Throw: Dart              |       |       |       |     1 |       |     2 ||     3
         Throwing net      |       |       |       |       |       |     1 ||     1
   Cast: Fugue of the Fall |       |       |       |       |       |    10 ||    10
         Dispel Undead     |       |       |       |       |       |    16 ||    16
         Borgnjor's Vile C |       |       |       |       |       |     8 ||     8
 Invoke: Light the Black T |       |       |     3 |     7 |     9 |     5 ||    24
         Recall Undead Har |       |       |     1 |     6 |    12 |    16 ||    35
         Hurl Torchlight   |       |       |     1 |     1 |     1 |     3 ||     6
         Bind Soul         |       |       |       |     4 |     3 |     3 ||    10
         Fathomless Shackl |       |       |       |       |       |     1 ||     1
  Evoke: Wand              |       |       |       |    10 |     1 |     2 ||    13
         Phial of floods   |       |       |       |       |       |     2 ||     2
    Use: Scroll            |       |     1 |       |    11 |    12 |     3 ||    27
         Potion            |       |       |     2 |     1 |     1 |       ||     4
   Stab: Distracted        |       |       |       |     6 |     9 |    10 ||    25
         Sleeping          |       |       |       |     2 |    16 |    16 ||    34
         Fleeing           |       |       |       |       |       |     1 ||     1
 Armour: Scale mail        |    43 |    91 |   128 |       |       |       ||   262
         Chain mail        |       |       |    21 |    59 |       |       ||    80
         Plate armour      |       |       |       |    70 |       |       ||    70
         Robe              |       |       |       |    38 |   175 |   173 ||   386
  Dodge: Dodged            |    31 |    84 |   147 |   181 |   249 |   197 ||   889
  Block: Buckler           |     8 |    31 |    39 |    29 |   127 |       ||   234
         Reflection        |       |       |       |       |    32 |     6 ||    38
         Kite shield       |       |       |       |       |    69 |   296 ||   365

Table legend: (Time is in decaauts)
 A = Elapsed time spent in this place.
 B = Non-inter-level travel time spent in this place.
 C = Inter-level travel time spent in this place.
 D = Time resting spent in this place.
 E = Time spent auto-exploring this place.
 F = Levels seen in this place.
 G = Mean time per level.
                   A        B        C        D        E       F      G
               +--------+--------+--------+--------+--------+-----+--------+
         Total |  28229 |  26508 |   1721 |   2190 |  18621 |  30 |  941.0 |
       Dungeon |  15440 |  14519 |    921 |   1381 |  10417 |  15 | 1029.3 |
        Temple |     18 |     10 |      8 |      0 |      0 |   1 |   18.0 |
          Lair |   5435 |   4936 |    499 |     49 |   3806 |   5 | 1087.0 |
         Swamp |    410 |    410 |      0 |      3 |    262 |   1 |  410.0 |
   Spider Nest |   4463 |   4254 |    209 |    292 |   2989 |   4 | 1115.8 |
  Orcish Mines |    996 |    914 |     82 |      0 |    693 |   2 |  498.0 |
      Ice Cave |   1044 |   1044 |      0 |    406 |    353 |   1 | 1044.0 |
       Volcano |    420 |    420 |      0 |     59 |    100 |   1 |  420.0 |
               +--------+--------+--------+--------+--------+-----+--------+

Top non-repeatable levels by time:
     D:9: 1695 daAuts
    D:15: 1481 daAuts
Spider:2: 1477 daAuts
    D:12: 1426 daAuts
Spider:1: 1306 daAuts
  Lair:4: 1273 daAuts
     D:6: 1177 daAuts
     D:7: 1139 daAuts
  Lair:3: 1114 daAuts
     D:5: 1078 daAuts
  Lair:2: 1071 daAuts
  Lair:5: 1051 daAuts
   IceCv: 1044 daAuts
    D:10: 1042 daAuts
     D:8: 1012 daAuts
